 Dungeon Crawl Stone Soup version 0.28.0-43-g3370ac3207 (webtiles) character file.

Game seed: 16225316371938203113

646 nickcage the Carver (level 7, -6/57 HPs)
             Began as a Minotaur Fighter on Mar 29, 2022.
             Was an Initiate of Dithmenos.
             Mangled by a hornet (8 damage)
             ... on level 5 of the Dungeon.
             The game lasted 00:10:34 (4753 turns).

nickcage the Carver (Minotaur Fighter)              Turns: 4753, Time: 00:10:35

Health: -6/57      AC:  8    Str: 20    XL:     7   Next: 27%
Magic:  0/6        EV:  9    Int:  5    God:    Dithmenos [......]
Gold:   184        SH:  4    Dex: 12    Spells: 6/6 levels left

rFire   . . .      SeeInvis .   a - +1 long sword
rCold   . . .      Faith    .   c - +0 buckler
rNeg    . . .      Spirit   +   b - +0 scale mail
rPois   .          Reflect  .   (helmet restricted)
rElec   .          Harm     .   (no cloak)
rCorr   .          Rampage  .   (no gloves)
Will    .....                   j - +0 pair of boots
Stlth   ..........              l - amulet of guardian spirit
HPRegen 0.19/turn               (no ring)
MPRegen 0.10/turn               (no ring)

@: lethally poisoned (-6 -> -14), about to teleport, slowed, very slow
A: horns 2, retaliatory headbutt
a: Renounce Religion


You were on level 5 of the Dungeon.
You worshipped Dithmenos.
Dithmenos was noncommittal.
You visited 2 branches of the dungeon, and saw 6 of its levels.

You collected 184 gold pieces.

Inventory:

Hand Weapons
 a - a +1 long sword (weapon)
Missiles
 n - 4 javelins (quivered)
Armour
 b - a +0 scale mail (worn)
 c - a +0 buckler (worn)
 j - a +0 pair of boots (worn)
Jewellery
 k - a ring of fire
 l - an amulet of guardian spirit (around neck)
Wands
 p - a wand of iceblast (2)
Scrolls
 r - a scroll of fear {unknown}
Potions
 d - a potion of might
 e - a potion of attraction {unknown}
 f - a potion of curing
 g - 3 potions of heal wounds
 h - 2 potions of degeneration {unknown}
 i - a potion of lignification {unknown}
 o - 2 potions of haste {unknown}
 q - 2 potions of brilliance {unknown}


   Skills:
 - Level 3.6 Fighting
 + Level 9.8 Long Blades
 - Level 3.6 Armour
 - Level 3.6 Shields


You had 6 spell levels left.
You didn't know any spells.
Your spell library contained the following spells:

 Spells                   Type           Power      Damage    Failure   Level
 Slow                     Hex            0%         N/A       89%         1
 Confusing Touch          Hex            0%         N/A       99%         3
 Ignite Poison            Fire/Tmut/Pois 0%         N/A       99%         3
 Mephitic Cloud           Conj/Pois/Air  0%         N/A       99%         3
 Portal Projectile        Hex/Tloc       0%         N/A       99%         3
 Vampiric Draining        Necr           0%         2d6       99%         3
 Animate Dead             Necr           0%         N/A       100%        4
 Blade Hands              Tmut           0%         N/A       100%        5
 Borgnjor's Vile Clutch   Necr/Erth      0%         N/A       100%        5
 Excruciating Wounds      Necr           0%         N/A       100%        5
 Freezing Cloud           Conj/Ice/Air   0%         6-21      100%        5
 Death Channel            Necr           0%         N/A       100%        6


Dungeon Overview and Level Annotations

Branches:
Dungeon (5/15)             Temple (1/1) D:5

Altars:
Ashenzari
Cheibriados
Dithmenos
Elyvilon
Fedhas
Hepliaklqana
Kikubaaqudgha
Makhleb
Nemelex Xobeh
Okawaru
Qazlal
Sif Muna
Trog
Uskayaw
Vehumet
Xom
Yredelemnul
Zin
The Shining One

Shops:
D:3 !

Annotations:
D:5 1 runed translucent door


Innate Abilities, Weirdness & Mutations

You have a pair of horns on your head.
You reflexively headbutt those who attack you in melee.


Message History

You throw a javelin.
The javelin completely misses the hornet.
You throw a javelin. The javelin barely misses the hornet.
You hit the hornet but do no damage. Your headbutt misses the hornet.
The hornet stings you.
You feel yourself slow down. The hornet stings you!
You are poisoned.
You feel as though you will be slow longer.
You hit the hornet but do no damage.
You feel very sick. The hornet stings you!
You feel as though you will be slow longer.
The hornet misses you.
You barely miss the hornet. Your headbutt misses the hornet.
You feel sick. The hornet barely misses you. The hornet stings you!
You feel as though you will be slow longer.
You are too injured to fight recklessly!
You closely miss the hornet. Your headbutt misses the hornet.
You feel sick. The hornet barely misses you. You furiously retaliate!
You headbutt the hornet. You block the hornet's attack.
You hit the hornet but do no damage.
The hornet is lightly wounded.
You feel sick. The hornet stings you!
* * * LOW HITPOINT WARNING * * *
You feel as though you will be slow longer.
The hornet stings you!
* * * LOW HITPOINT WARNING * * *
You are more poisoned.
You feel as though you will be slow longer.
You feel better. The hornet barely misses you. You furiously retaliate!
You headbutt the hornet!
The hornet stings you but does no damage.
Unknown command.
As you read the scroll of teleportation, it crumbles to dust.
You feel strangely unstable. The hornet stings you!
* * * LOW HITPOINT WARNING * * *
You are lethally poisoned!
You feel as though you will be slow longer.
The hornet barely misses you. You furiously retaliate!
You headbutt the hornet. The hornet stings you!
You die...

#........<...##........#
#..... .....##........# #....#
#.........รท...## #....####
>..(.......## #.......#
...(.......##
########.....##+##..........##
#......'......................
##.#####.....#.....#..........
#.# #.......@y....#..........
#.# #.......#.....#..........
#.# #.............#..........
#.# #........................
#.# #.................#......
#.# #.................#......
#.###................##...#..
#...#..............####...#..
###.#...##########.# #...#..


You could see a hornet.

Vanquished Creatures
  A necrophage (D:3)
  A centaur (D:5)
  2 phantoms (D:5)
  A scorpion (D:5)
  A centaur zombie (D:5)
  An iguana (D:5)
  A killer bee zombie (D:4)
  A hound skeleton (D:4)
  Robin (D:2)
  4 gnolls (D:2)
  5 adders
  A shadow imp (D:5)
  3 worms
  3 ball pythons
  7 endoplasms
  5 giant cockroaches
  12 goblins
  10 hobgoblins
  A quokka (D:3)
  6 bats
  6 kobolds
  A rat (D:3)
74 creatures vanquished.

Notes
Turn   | Place    | Note
-------+----------+-------------------------------------------
     0 | D:1      | nickcage the Minotaur Fighter began the quest for the Orb.
     0 | D:1      | Reached XP level 1. HP: 19/19 MP: 0/0
   179 | D:1      | Reached skill level 3 in Long Blades
   504 | D:1      | Reached XP level 2. HP: 26/26 MP: 1/1
   676 | D:1      | You fall into a shaft and drop 1 floor!
   684 | D:2      | Reached skill level 4 in Long Blades
   727 | D:2      | Reached XP level 3. HP: 31/31 MP: 2/2
   728 | D:2      | Found a hide-covered altar of Uskayaw.
   764 | D:2      | Noticed Robin
  1040 | D:1      | Reached skill level 5 in Long Blades
  1175 | D:2      | Reached XP level 4. HP: 33/39 MP: 3/3
  1384 | D:2      | Killed Robin
  1385 | D:2      | Reached skill level 6 in Long Blades
  1764 | D:2      | Reached XP level 5. HP: 45/45 MP: 4/4
  1917 | D:3      | Found Nuyxuw's Distillery.
  1986 | D:3      | Found a shadowy altar of Dithmenos.
  2017 | D:3      | Became a worshipper of Dithmenos the Shadowed
  2318 | D:3      | Noticed a necrophage
  2326 | D:3      | Killed a necrophage
  2327 | D:3      | Reached skill level 7 in Long Blades
  3113 | D:4      | Reached XP level 6. HP: 37/51 MP: 3/5
  3546 | D:5      | Entered Level 5 of the Dungeon
  3575 | D:5      | Reached skill level 8 in Long Blades
  3770 | D:5      | Reached skill level 9 in Long Blades
  3775 | D:5      | Reached XP level 7. HP: 18/57 MP: 2/6
  4012 | D:5      | Found a staircase to the Ecumenical Temple.
  4309 | D:5      | Noticed a hornet
  4312 | D:5      | Paralysed by a hornet for 1 turns
  4335 | Temple   | Entered the Ecumenical Temple
  4635 | D:5      | Found a runed translucent door.
  4751 | D:5      | HP: 2/57 [hornet (13)]
  4753 | D:5      | Mangled by a hornet

Illustrated notes

Levels and vault maps discovered:
D:1:      wander_arrival_fairy_ring, layout_loops_ring
D:2:      layout_rooms, basic_altar, uniq_robin
D:3:      layout_basic, mainiacjoe_overflow_surrounded_room, serial_shops,
          nicolae_shop_trees, minmay_stone_trees_small,
          small_statue_intersection
D:4:      layout_basic
D:5:      layout_basic, temple_fountains, hellmonk_ghost_happy_afterlife
Temple:   compressed_dpeg_circular_temple

Skill      XL: |  1  2  3  4  5  6 |
---------------+-------------------+-----
Long Blades    | 3 4 5 6 7 9 |  9.8
Fighting       | |  3.6
Armour         | |  3.6
Shields        | |  3.6

Action                   |  1- 3 |  4- 6 |  7- 9 || total
-------------------------+-------+-------+-------++-------
Melee: Long sword        |    54 |   119 |    20 ||   193
       Headbutt          |     7 |    21 |     3 ||    31
Throw: Javelin           |       |     6 |     5 ||    11
  Use: Scroll            |       |     5 |     2 ||     7
       Potion            |       |       |     2 ||     2
Armor: Scale mail        |    25 |    63 |     7 ||    95
Dodge: Dodged            |    40 |    40 |    12 ||    92
Block: Buckler           |    15 |    31 |     5 ||    51
